 Dungeon Crawl Stone Soup version 0.28.0-1-gb440e238dd (webtiles) character file.

Game seed: 16345263601635132797

315743 belegose the Corrupter of Planes (level 21, -46/189 HPs)
             Began as a Hill Orc Abyssal Knight on Feb 23, 2022.
             Was the Champion of Lugonu.
             Killed from afar by an ironbound thunderhulk (59 damage)
             ... with a bolt of lightning
             ... on level 3 of the Vaults.
             The game lasted 03:34:30 (80448 turns).

belegose the Corrupter of Planes (HOAK)            Turns: 80448, Time: 03:34:30

Health: -46/189    AC: 38    Str: 27    XL:     21   Next: 38%
Magic:  34/34      EV:  6    Int: 12    God:    Lugonu [******]
Gold:   1003       SH: 23    Dex: 11    Spells: 20/20 levels left

rFire   + . .      SeeInvis +   a - +7 eveningstar (holy)
rCold   + + .      Faith    .   u - +0 tower shield {rC+}
rNeg    . . .      Spirit   .   t - +4 crystal plate armour {rC+}
rPois   .          Reflect  +   N - +2 helmet {SInv}
rElec   .          Harm     .   Y - scarf {+Inv}
rCorr   .          Rampage  .   q - +0 pair of gloves of the Poles {Will+ Int+2 Slay+6}
Will    +++..                   s - +2 pair of boots {Fly}
Stlth   ..........              e - amulet of reflection
HPRegen 0.41/turn               f - ring of willpower
MPRegen 0.24/turn               i - ring of protection from fire

@: flying
A: no striking features
}: 2/15 runes: decaying, serpentine
a: Renounce Religion, Evoke Invisibility, Depart the Abyss, Bend Space, Banish,
Corrupt, Enter the Abyss, Brand Weapon With Distortion


You were on level 3 of the Vaults.
You worshipped Lugonu.
Lugonu was exalted by your worship.
You visited 7 branches of the dungeon, and saw 36 of its levels.
You visited the Abyss 1 time.
You visited 1 bazaar.
You also visited: Ice Cave.

You collected 3856 gold pieces.
You spent 2853 gold pieces at shops.

Inventory:

Hand Weapons
 a - a +7 eveningstar of holy wrath (weapon)
 b - the +9 hand crossbow "Huel" {elec, rPois Stlth+}
   (You bought it in a shop on level 2 of the Orcish Mines)

   Any ammunition fired from it occasionally discharges a powerful burst of
   electricity upon striking a foe.
   rPois:     It protects you from poison.
   Stlth:     It makes you more stealthy.
 w - the +7 scimitar "Qech" {flame, rElec}
   (You found it on level 3 of the Lair of Beasts)

   It burns those it strikes, dealing additional fire damage.
   Big, fiery blades are also staple armaments of hydra-hunters.
   rElec:     It insulates you from electricity.
Missiles
 d - 620 bolts
 j - 12 curare-tipped darts
 B - 17 javelins
 C - 18 boomerangs
 S - 11 silver boomerangs (quivered)
Armour
 q - the +0 pair of gloves of the Poles (worn) {Will+ Int+2 Slay+6}
   (You bought it in a shop in a bazaar)

   Int:       It affects your intelligence (+2).
   Slay:      It affects your accuracy & damage with ranged weapons and melee
   (+6).
   Will:      It increases your willpower.
 s - a +2 pair of boots of flying (worn)
 t - a +4 crystal plate armour of cold resistance (worn)
 u - a +0 tower shield of cold resistance (worn)
 N - a +2 helmet of see invisible (worn)
 W - a +2 pair of boots of rampaging
 Y - a scarf of invisibility (worn)
Magical Staves
 O - a staff of air
Jewellery
 e - an amulet of reflection (around neck)
 f - a ring of willpower (left hand)
 i - a ring of protection from fire (right hand)
 k - a ring of poison resistance
 P - a ring of protection from fire
 U - a ring of flight
Wands
 y - a wand of polymorph (24)
 G - a wand of acid (9)
 L - a wand of iceblast (26)
 M - a wand of mindburst (9)
 V - a wand of charming (5)
 Z - a wand of digging (8)
Scrolls
 c - 2 scrolls of blinking
 g - 6 scrolls of fear
 m - 3 scrolls of silence
 p - 2 scrolls of holy word
 r - 10 scrolls of teleportation
 F - 2 scrolls of summoning
 I - 10 scrolls of fog
Potions
 l - a potion of cancellation
 n - 3 potions of invisibility
 o - 7 potions of might
 v - 3 potions of ambrosia
 x - a potion of heal wounds
 z - 4 potions of lignification
 A - 9 potions of curing
 E - 9 potions of mutation
 J - a potion of magic
 Q - 2 potions of haste
 R - 2 potions of flight
 X - 2 potions of resistance
Miscellaneous
 h - a tin of tremorstones (2/2)
 D - a phantom mirror


   Skills:
 - Level 16.4 Fighting
 + Level 13.8 Long Blades
 - Level 16.0 Maces & Flails
 - Level 10.0 Crossbows
 - Level 9.0 Throwing
 - Level 17.2 Armour
 - Level 4.0 Dodging
 - Level 15.0 Shields
 - Level 18.0 Invocations
 - Level 12.0 Evocations


You had 20 spell levels left.
You didn't know any spells.
Your spell library contained the following spells:

 Spells                   Type           Power      Damage    Failure   Level
 Animate Skeleton         Necr           0%         N/A       100%        1
 Beastly Appendage        Tmut           0%         N/A       100%        1
 Magic Dart               Conj           0%         1d3       100%        1
 Pain                     Necr           0%         1d4       100%        1
 Sting                    Tmut/Pois      0%         1d3       100%        1
 Blink                    Tloc           0%         N/A       100%        2
 Corpse Rot               Necr/Air       0%         N/A       100%        2
 Poisonous Vapours        Pois/Air       0%         N/A       100%        2
 Scorch                   Fire           0%         2d5       100%        2
 Searing Ray              Conj           0%         2d4       100%        2
 Static Discharge         Conj/Air       0%         N/A       100%        2
 Wereblood                Tmut           0%         N/A       100%        2
 Lesser Beckoning         Tloc           0%         N/A       100%        3
 Portal Projectile        Hex/Tloc       0%         N/A       100%        3
 Spider Form              Tmut/Pois      0%         N/A       100%        3
 Vampiric Draining        Necr           0%         2d6       100%        3
 Flame Wave               Conj/Fire      0%         2d4       100%        4
 Fulminant Prism          Conj/Hex       0%         3d6       100%        4
 Olgreb's Toxic Radiance  Pois           0%         N/A       100%        4
 Petrify                  Tmut/Erth      0%         N/A       100%        4
 Blade Hands              Tmut           0%         N/A       100%        5
 Excruciating Wounds      Necr           0%         N/A       100%        5
 Irradiate                Conj/Tmut      0%         3d14      100%        5
 Lightning Bolt           Conj/Air       0%         1d11      100%        5
 Manifold Assault         Tloc           0%         N/A       100%        5
 Metabolic Englaciation   Hex/Ice        0%         N/A       100%        5
 Statue Form              Tmut/Erth      0%         N/A       100%        6
 Summon Cactus Giant      Summ           0%         N/A       100%        6
 Dragon Form              Tmut           0%         N/A       100%        7
 Ozocubu's Refrigeration  Ice            0%         4d5       100%        7
 Borgnjor's Revivificati  Necr           0%         N/A       100%        8
 Ignition                 Fire           0%         3d3       100%        8
 Maxwell's Capacitive Co  Air            0%         ∞         100%        8
 Necromutation            Tmut/Necr      0%         N/A       100%        8
 Death's Door             Necr           0%         N/A       100%        9


Dungeon Overview and Level Annotations

Branches:
Dungeon (15/15)            Temple (1/1) D:5            Lair (6/6) D:10
  Swamp (4/4) Lair:2        Snake (4/4) Lair:3        Slime (0/5) Lair:6
    Orc (2/2) D:9             Elf (0/3) Orc:2        Vaults (4/5) D:13
  Crypt (0/3) Vaults:3     Depths (0/4) D:15          IceCv (visited)

Altars:
Ashenzari
Cheibriados
Dithmenos
Hepliaklqana
Kikubaaqudgha
Nemelex Xobeh
Okawaru
Qazlal
Uskayaw
Vehumet
Xom
The Shining One
Beogh
Lugonu

Shops:
D:3 (   D:10 *   D:11 [   Orc:1 =   Orc:2 ((:*   Snake:2 [!:[

Portals:
Abyss: Lair:6

Annotations:
D:10 3 runed translucent doors, exclusion: 3 doors, yahweh's ghost, novice MiBe
Lair:4 2 transporters, hikkokomori's ghost, journeyman GrEE
Swamp:2 Roxanne
Swamp:4 2 transporters, Matygoc's ghost, adept HaSk
Snake:2 corrupted
Vaults:1 corrupted
Abyss:1 Azrael; Harold; Saint Roka; Snorg


Message History

You impale the deep troll!!
The deep troll is heavily wounded.
You hear a trumpeting!
A dire elephant comes into view.
The deep troll bites you but does no damage.
You block the deep troll's attack.
The deep troll claws you but does no damage.
You closely miss the deep troll.
The deep troll is heavily wounded.
You block the deep troll's attack. x2; The deep troll barely misses you.
You bludgeon the deep troll!!
You kill the deep troll!
Lugonu accepts your kill.
Electricity crackles from the ironbound thunderhulk's apparatus.
The bolt of lightning hits you!!!
* * * LOW HITPOINT WARNING * * *
The vault sentinel blows a loud note on a signal horn!
Aiming: Corrosive Bolt
Press: ? - help, Shift-Dir - straight line, f - dire elephant, p - deep troll
Aim: a dire elephant (100% to hit)
The bolt of acid hits the deep troll!!
The deep troll seems to be corroded for longer.
The deep troll is almost dead.
The bolt of acid hits the deep troll!!
The deep troll is almost dead.
The bolt of acid hits the dire elephant.
The acid corrodes the dire elephant!
The dire elephant is lightly wounded.
The bolt of acid hits the dire elephant!
The dire elephant is lightly wounded.
Electricity crackles from the ironbound thunderhulk's apparatus.
The bolt of lightning hits you!!
* * * LOW HITPOINT WARNING * * *
The deep troll bites you!
* * * LOW HITPOINT WARNING * * *
You block the deep troll's attack.
The deep troll claws you but does no damage.
Electricity crackles from the ironbound thunderhulk's apparatus.
The bolt of lightning hits you!!!
You die...

#. #. #. #.#######.#
############.
#...Tpccc.#
#..........YT #p#
#.........[#. #.#
#........[[#.
#)########YY.....Y..#.
#.)))@)TTYTp........##
#.########O.........#
#.# #..........# #c#
#..........# ^..
#..........# ###
#........[.#
###+#'##'####
#....)[[[..
#.##..#####


You could see 3 dire elephants, an ironbound thunderhulk, 3 deep trolls and a
vault sentinel.

Vanquished Creatures
  The ghost of Ulub Jau the Slayer, an adept HOMo of Beogh (Vaults:1)
  A tentacled monstrosity (Swamp:4)
  Rupert (D:13)
  Frances (D:14)
  A shadow dragon (Vaults:3)
  A thorn hunter (Swamp:3)
  9 nagarajas
  Donald (Orc:2)
  2 fenstrider witches
  5 vault wardens
  3 orc warlords
  9 ironbound preservers
  2 very ugly things (Swamp:4)
  3 ironbound thunderhulks
  2 stone giants
  A war gargoyle (Vaults:1)
  The ghost of boopmooplesden the Impaler, a journeyman MiFi of Okawaru (Lair:3)
  Nessos (Lair:4)
  3 eleionomae
  4 bunyips
  A dire elephant (D:13)
  A crystal guardian (Vaults:1)
  2 green deaths (Swamp:4)
  3 yaktaur captains
  2 great orbs of eyes
  A shambling mangrove (Lair:2)
  5 salamander tyrants
  14 naga warriors
  14 hydras
  8 vault guards
  4 boulder beetles
  A peacekeeper (Vaults:1)
  3 ironbound frosthearts (Vaults:1)
  An ogre mage (Vaults:1)
  Erica (Orc:2)
  14 centaur warriors
  12 alligators
  9 anacondas
  2 two-headed ogres (D:11)
  2 death knights (D:15)
  18 death yaks
  2 orc high priests (Orc:1)
  4 thrashing horrors
  5 tengu warriors
  2 shock serpents
  Urug (Orc:2)
  Sonja (Lair:2)
  6 naga sharpshooters
  A fire crab (Snake:1)
  6 goliath frogs
  7 skeletal warriors
  3 salamander mystics
  22 deep trolls
  3 naga ritualists
  2 spriggan druids
  A glowing orange brain (Vaults:3)
  8 swamp dragons
  7 lindwurms
  7 ironbound convokers
  5 bog bodies
  3 wizards
  2 deep elf pyromancers (D:15)
  11 mana vipers
  A necromancer (D:13)
  A phantasmal warrior (D:15)
  2 wolf spider zombies (D:13)
  An orc sorcerer (Orc:2)
  16 salamanders
  13 orc knights
  37 ugly things
  5 will-o-the-wisps
  5 cyclopes
  17 elephants
  6 vault sentinels
  8 guardian serpents
  10 naga magi
  A water nymph (Snake:2)
  A smoke demon (Lair:6)
  Joseph (D:9)
  44 black mambas
  An ice statue (IceCv)
  Maurice (Orc:1)
  5 gargoyles
  An unseen horror (D:11)
  6 cane toads
  2 efreet
  9 komodo dragons
  10 rime drakes
  26 yaktaurs
  3 tengu conjurers
  2 kobold demonologists (D:11)
  10 polar bears
  2 ancient zymes
  A meliai (shapeshifter) (D:13)
  2 large abominations
  7 hornets
  3 trolls
  9 tyrant leeches
  Grinder (D:6)
  A harpy skeleton (D:13)
  2 merfolk
  28 blink frogs
  A meliai zombie (D:11)
  7 dream sheep
  19 slime creatures
  A jumping spider (shapeshifter) (D:12)
  5 spriggans
  5 shadows
  A vampire (D:10)
  3 wraiths
  3 ynoxinuls (Lair:6)
  60 yaks
  A centaur simulacrum (D:13)
  10 small abominations
  6 basilisks
  4 wyverns
  A fire elemental (Orc:1)
  A steam dragon (D:9)
  14 vampire mosquitoes
  Menkaure (D:4)
  3 wargs
  15 swamp worms
  Edmund (Temple)
  21 water moccasins
  29 nagas
  An acid dragon (D:9)
  3 hell hounds
  A hornet zombie (D:5)
  Duvessa (D:4)
  A swamp drake (Swamp:2)
  36 orc warriors
  4 sky beasts
  2 necrophages (D:6)
  11 ogres
  An ogre (shapeshifter) (Lair:6)
  19 wolves
  10 centaurs
  2 phantoms
  6 kobold brigands
  A gnoll sergeant (Orc:2)
  15 bullfrogs
  5 scorpions
  A wyvern zombie (D:7)
  2 wyvern skeletons
  Dowan (D:4)
  9 wights
  8 killer bees
  4 howler monkeys
  4 crimson imps (D:3)
  A bullfrog zombie (D:7)
  6 centaur zombies
  27 orc priests
  4 hounds
  A bullfrog skeleton (D:6)
  6 jellies
  2 centaur skeletons
  Natasha (thrice) (D:4)
  3 iguanas
  23 orc wizards
  2 killer bee zombies
  A howler monkey zombie (D:9)
  3 gnolls
  6 adders
  An ufetubus (D:5)
  2 adder skeletons
  3 worms
  2 dart slugs
  75 orcs
  3 bats (D:1)
  9 endoplasms
  4 giant cockroaches (D:3)
  3 hobgoblins
  20 kobolds
  7 quokkas
  3 ball pythons
  3 frilled lizards
  5 goblins
  8 rats
  2 briar patches (Swamp:4)
1178 creatures vanquished.

Vanquished Creatures (collateral kills)
  Bai Suzhen (Vaults:3)
  A polar bear (IceCv)
  A wolf (IceCv)
3 creatures vanquished.

Vanquished Creatures (others)
  A fire giant (Vaults:1)
  A vault warden (Vaults:1)
  3 dire elephants (Vaults:1)
  A naga warrior (Snake:2)
  3 anacondas (Snake:2)
  A two-headed ogre (D:13)
  2 deep trolls (Vaults:1)
  2 ironbound convokers (Vaults:1)
  A wizard (Vaults:1)
  A naga ritualist (Snake:2)
  2 mana vipers (Snake:2)
  A guardian serpent (Snake:2)
  4 black mambas (Snake:2)
  2 vault sentinels (Vaults:1)
  2 naga magi
  A rime drake (IceCv)
  5 yaktaurs (Vaults:1)
  A bloated husk (Swamp:3)
  A slime creature (Vaults:1)
  A yak (Lair:6)
  A naga (Snake:2)
  A wolf (IceCv)
  4 bushes
  60 foxfires
  95 fungi
  95 plants
  5 starspawn tentacles (Vaults:1)
297 creatures vanquished.

Grand Total: 1478 creatures vanquished

Notes
Turn   | Place    | Note
-------+----------+-------------------------------------------
     0 | Abyss:1  | belegose the Hill Orc Abyssal Knight began the quest for
                  | the Orb.
     0 | Abyss:1  | Reached XP level 1. HP: 19/19 MP: 2/2
    42 | Abyss:2  | Noticed a worldbinder
    45 | Abyss:2  | Noticed a black mamba
    45 | D:1      | Escaped the Abyss
   139 | D:1      | Reached * piety under Lugonu
   247 | D:1      | Reached XP level 2. HP: 26/26 MP: 4/4
   341 | D:1      | Reached skill level 3 in Invocations
   743 | D:1      | Reached XP level 3. HP: 28/31 MP: 5/5
   809 | D:1      | Found a faded altar of an unknown god.
  2317 | D:3      | You fall into a shaft and drop 2 floors!
  2317 | D:5      | Entered Level 5 of the Dungeon
  2339 | D:5      | Reached XP level 4. HP: 39/39 MP: 6/6
  2396 | D:5      | Reached skill level 1 in Throwing
  2556 | D:5      | Reached skill level 4 in Invocations
  2635 | D:5      | Reached XP level 5. HP: 21/45 MP: 8/8
  3128 | D:3      | Found Nalo's Weapon Boutique.
  3141 | D:3      | Reached ** piety under Lugonu
  3469 | D:3      | Found a shimmering altar of Xom.
  3476 | D:3      | Reached XP level 6. HP: 51/51 MP: 9/9
  3634 | D:4      | Noticed Duvessa
  3634 | D:4      | Noticed Dowan
  3749 | D:4      | Reached skill level 5 in Invocations
  4009 | D:4      | Killed Duvessa
  4010 | D:4      | Reached XP level 7. HP: 57/57 MP: 9/11
  4146 | D:4      | Found a snail-covered altar of Cheibriados.
  4353 | D:4      | Noticed Natasha
  4362 | D:4      | Killed Natasha
  4602 | D:4      | Noticed Natasha
  4605 | D:4      | Noticed Menkaure
  4610 | D:4      | Killed Natasha
  4619 | D:4      | Killed Menkaure
  4620 | D:4      | Reached skill level 5 in Maces & Flails
  4620 | D:4      | Reached skill level 5 in Armour
  4620 | D:4      | Reached skill level 6 in Invocations
  4817 | D:4      | Noticed Natasha
  4827 | D:4      | Killed Natasha
  4891 | D:4      | Killed Dowan
  4929 | D:4      | Reached XP level 8. HP: 49/64 MP: 12/12
  5714 | D:5      | Reached skill level 7 in Invocations
  6031 | D:5      | Found a staircase to the Ecumenical Temple.
  6041 | D:5      | Noticed Edmund
  6048 | Temple   | Entered the Ecumenical Temple
  6065 | Temple   | Killed Edmund
  6789 | D:6      | Reached XP level 9. HP: 62/70 MP: 14/14
  6797 | D:6      | Identified the +1 leather armour "Foyvadon" {+Inv rN+ Dex+3
                  | Stlth+}
  6915 | D:6      | Reached skill level 8 in Invocations
  6962 | D:6      | Noticed Grinder
  6977 | D:6      | Killed Grinder
  6978 | D:6      | Reached skill level 5 in Throwing
  7564 | D:6      | Found an iron altar of Okawaru.
  8065 | D:6      | Reached skill level 1 in Evocations
  8140 | D:6      | Reached skill level 9 in Invocations
  8524 | D:6      | Reached *** piety under Lugonu
  9005 | D:7      | Reached XP level 10. HP: 74/77 MP: 17/17
 10116 | D:8      | Noticed Harold
 10117 | D:8      | Banished Harold
 10118 | D:8      | Reached skill level 10 in Invocations
 10897 | D:8      | Found a glowing golden altar of the Shining One.
 10899 | D:8      | Found a radiant altar of Vehumet.
 10902 | D:8      | Found a broken altar of Ashenzari.
 10902 | D:8      | Found a hazy altar of Hepliaklqana.
 12157 | D:9      | Noticed Joseph
 12176 | D:9      | Killed Joseph
 12177 | D:9      | Reached XP level 11. HP: 45/85 MP: 11/19
 12358 | D:9      | Found a staircase to the Orcish Mines.
 12436 | D:9      | Reached skill level 11 in Invocations
 12924 | D:9      | Reached skill level 5 in Fighting
 12924 | D:9      | Reached skill level 5 in Evocations
 13123 | D:9      | Found an ancient bone altar of Kikubaaqudgha.
 13289 | D:9      | Noticed a skeletal warrior
 13776 | D:9      | Noticed a skeletal warrior
 14407 | D:10     | Entered Level 10 of the Dungeon
 14490 | D:10     | Found a runed translucent gate.
 14490 | D:10     | Found a runed translucent gate.
 14491 | D:10     | Found a runed translucent gate.
 14494 | D:10     | Noticed yahweh's ghost (novice MiBe)
 14582 | D:10     | Reached **** piety under Lugonu
 15034 | D:10     | Found a staircase to the Lair.
 15235 | D:10     | Found Janarupt's Assorted Antiques.
 15788 | D:10     | Found a shadowy altar of Dithmenos.
 16033 | D:6      | Identified a scroll of acquirement
 16034 | D:6      | Acquired a manual of Armour
 16118 | Orc:1    | Entered Level 1 of the Orcish Mines
 16342 | Orc:1    | Noticed a cyclops
 16472 | Orc:1    | Banished a cyclops
 16473 | Orc:1    | Reached skill level 10 in Maces & Flails
 16526 | Orc:1    | Found a roughly hewn altar of Beogh.
 16598 | Orc:2    | Entered Level 2 of the Orcish Mines
 16992 | Orc:2    | Noticed Donald
 17014 | Orc:2    | Found a staircase to the Elven Halls.
 17016 | Orc:2    | Killed Donald
 17017 | Orc:2    | Reached skill level 12 in Invocations
 17593 | Orc:2    | Noticed Azrael
 17786 | Orc:1    | Reached skill level 1 in Shields
 18057 | Orc:1    | Reached XP level 12. HP: 97/97 MP: 18/21
 18113 | Orc:2    | Banished Azrael
 18119 | Orc:2    | Noticed Urug
 18260 | Orc:2    | Killed Urug
 18471 | Orc:2    | Noticed Maurice
 18614 | Orc:1    | Killed Maurice
 18713 | Orc:1    | Found Teroiry's Jewellery Emporium.
 18713 | Orc:1    | You fall into a shaft and drop 1 floor!
 18713 | Orc:2    | Noticed Saint Roka
 18718 | Orc:2    | Noticed an orc high priest
 18718 | Orc:2    | Noticed an orc high priest
 18718 | Orc:2    | Noticed an orc high priest
 18719 | Orc:2    | Noticed an orc high priest
 18719 | Orc:2    | Noticed an orc high priest
 18723 | Orc:2    | Noticed a soul eater
 19678 | Orc:1    | Bought a ring of poison resistance for 260 gold pieces
 19754 | Lair:1   | Entered Level 1 of the Lair of Beasts
 20584 | Lair:1   | Noticed a seven-headed hydra
 20585 | Lair:1   | Banished a seven-headed hydra
 21595 | Lair:2   | Noticed Sonja
 21614 | Lair:1   | Reached skill level 13 in Invocations
 21685 | Lair:2   | Killed Sonja
 22044 | Lair:2   | Reached skill level 1 in Dodging
 22337 | Lair:2   | Found a staircase to the Swamp.
 23200 | Lair:3   | Reached skill level 5 in Shields
 23218 | Lair:3   | Reached XP level 13. HP: 77/104 MP: 19/23
 23722 | Lair:3   | Identified the +2 quarterstaff "Yzo Ofub" {drain, rF+++}
 24021 | Lair:3   | Found a runed translucent gate.
 24022 | Lair:3   | Found a runed translucent gate.
 24022 | Lair:3   | Noticed boopmooplesden's ghost (journeyman MiFi)
 24023 | Lair:3   | Found a runed translucent gate.
 24025 | Lair:3   | Identified the +1 leather armour of Ewnol {rN+ MP+9}
 24057 | Lair:3   | Found a staircase to the Snake Pit.
 24876 | Lair:4   | Found a transporter.
 24927 | Lair:4   | Noticed hikkokomori's ghost (journeyman GrEE)
 25171 | Lair:4   | Found a transporter.
 25194 | Lair:4   | Noticed Snorg
 25303 | Lair:4   | Banished Snorg
 25443 | Lair:3   | HP: 1/104 [blink frog (6)]
 26275 | Lair:4   | Noticed Nessos
 26290 | Lair:4   | Killed Nessos
 26291 | Lair:4   | Reached skill level 14 in Invocations
 28747 | Lair:6   | Entered Level 6 of the Lair of Beasts
 30679 | Lair:6   | Found a staircase to the Slime Pits.
 30724 | Lair:6   | Reached XP level 14. HP: 87/111 MP: 25/25
 31875 | Lair:6   | Reached skill level 15 in Invocations
 32122 | Lair:6   | Reached ***** piety under Lugonu
 33953 | Lair:6   | Reached skill level 10 in Evocations
 34987 | Lair:4   | Reached skill level 10 in Armour
 37724 | Lair:6   | Found a corrupted altar of Lugonu.
 37724 | Lair:6   | Found a one-way gate to the infinite horrors of the Abyss.
 38777 | Orc:1    | Noticed Erica
 38918 | Orc:1    | Bought a ring of protection from fire for 325 gold pieces
 38976 | Orc:2    | Killed Erica
 39245 | Orc:1    | Reached XP level 15. HP: 113/115 MP: 24/26
 39422 | Orc:1    | Reached skill level 16 in Invocations
 41621 | Orc:2    | Banished Saint Roka
 42565 | Orc:2    | Found Keen's Antique Weapon Boutique.
 42565 | Orc:2    | Found Ofyu's Antique Weapon Boutique.
 42566 | Orc:2    | Found Meeres's General Store.
 42566 | Orc:2    | Found Wutsor's Book Shop.
 42577 | Orc:2    | Bought a translucent hand crossbow for 212 gold pieces
 42577 | Orc:2    | Identified the +9 hand crossbow "Huel" {elec, rPois Stlth+}
                  | (You bought it in a shop on level 2 of the Orcish Mines)
 42590 | Orc:2    | Bought a scroll of identify for 28 gold pieces
 42590 | Orc:2    | Bought a scroll of fog for 28 gold pieces
 42996 | D:11     | Reached skill level 1 in Crossbows
 43332 | D:11     | Found a frozen archway.
 43376 | IceCv    | Entered an ice cave
 44413 | IceCv    | Noticed a frost giant
 44414 | IceCv    | Banished a frost giant
 44703 | IceCv    | Reached skill level 5 in Crossbows
 45925 | D:11     | Found Koastri's Antique Armour Boutique.
 46611 | Orc:1    | Bought an amulet of reflection for 390 gold pieces
 47883 | D:13     | Reached XP level 16. HP: 123/123 MP: 28/28
 48169 | D:13     | Found a gate to the Vaults.
 49512 | D:13     | Noticed Rupert
 49539 | D:13     | Killed Rupert
 50523 | D:14     | Reached skill level 15 in Armour
 50854 | D:14     | Noticed Frances
 50974 | D:14     | Killed Frances
 51399 | Swamp:1  | Entered Level 1 of the Swamp
 52102 | Lair:2   | Reached skill level 17 in Invocations
 53001 | Orc:1    | Bought a ring of flight for 227 gold pieces
 53953 | Swamp:2  | Noticed a fenstrider witch
 54100 | Swamp:1  | Killed a fenstrider witch
 54173 | Swamp:2  | Noticed a fenstrider witch
 54180 | Swamp:2  | Killed a fenstrider witch
 54445 | Swamp:2  | Identified Roxanne's Reference Book on the Rocks
 54445 | Swamp:2  | Noticed Roxanne
 54812 | Swamp:2  | Reached skill level 10 in Crossbows
 55696 | Swamp:2  | Reached XP level 17. HP: 118/130 MP: 29/29
 57453 | Swamp:3  | Reached skill level 18 in Invocations
 57655 | Swamp:3  | Acquired 791 gold pieces
 57875 | Swamp:4  | Entered Level 4 of the Swamp
 58782 | Swamp:3  | Reached skill level 10 in Shields
 59433 | Snake:1  | Entered Level 1 of the Snake Pit
 61349 | Snake:1  | Reached skill level 15 in Maces & Flails
 62916 | Snake:2  | Corrupted Snake:2
 63281 | Snake:2  | Noticed a lich
 63671 | Snake:2  | Reached skill level 10 in Fighting
 64536 | Snake:2  | Found Kiukhlue's Distillery.
 64539 | Snake:2  | Found Rytun's Antique Armour Shoppe.
 64539 | Snake:2  | Found Cyekh's Antique Armour Emporium.
 64544 | Snake:2  | Found Hugutiynt's Book Shoppe.
 64568 | Snake:2  | Reached XP level 18. HP: 141/149 MP: 31/31
 64585 | Snake:2  | Bought a pair of embroidered boots for 270 gold pieces
 65466 | Snake:3  | Found a flickering gateway to a bazaar.
 65478 | Bazaar   | Entered a bazaar
 65558 | Bazaar   | Found Buwer's Distillery.
 65569 | Bazaar   | Found Nafosajis's Book Boutique.
 65577 | Bazaar   | Found Bouss's General Store.
 65588 | Bazaar   | Found Piafos's Antique Weapon Emporium.
 65599 | Bazaar   | Found Kaetzoos's Antique Armour Shop.
 65607 | Bazaar   | Bought a pair of ancient gloves for 247 gold pieces
 65607 | Bazaar   | Identified the +0 pair of gloves of the Poles {Will+ Int+2
                  | Slay+6} (You bought it in a shop in a bazaar)
 65633 | Bazaar   | Bought a potion of heal wounds for 65 gold pieces
 65633 | Bazaar   | Bought a potion of lignification for 39 gold pieces
 65633 | Bazaar   | Bought a potion of lignification for 39 gold pieces
 65633 | Bazaar   | Bought a potion of experience for 650 gold pieces
 65633 | Bazaar   | Reached XP level 19. HP: 161/161 MP: 32/32
 65831 | Snake:3  | Identified the +4 barding of the Catfish {Will+ Dex+5}
 66380 | Snake:4  | Entered Level 4 of the Snake Pit
 66839 | D:15     | Entered Level 15 of the Dungeon
 67916 | D:15     | Found a staircase to the Depths.
 69087 | Snake:4  | Found Wiuthiah's CLEARANCE SALE!.
 69098 | Snake:4  | Bought a potion of curing for 9 gold pieces
 69098 | Snake:4  | Bought a +2 pair of boots of flying for 64 gold pieces
 71307 | Snake:4  | Reached skill level 15 in Fighting
 71973 | Snake:4  | Got a serpentine rune of Zot
 72413 | Swamp:4  | Found a transporter.
 72417 | Swamp:4  | Noticed Matygoc's ghost (adept HaSk)
 72547 | Swamp:4  | Found a transporter.
 72725 | Swamp:4  | Reached XP level 20. HP: 180/180 MP: 33/33
 73030 | Swamp:4  | Reached ****** piety under Lugonu
 73499 | Swamp:4  | Got a decaying rune of Zot
 73731 | Lair:3   | Killed boopmooplesden's ghost
 73732 | Lair:3   | Reached skill level 15 in Shields
 73771 | Lair:3   | Identified the +7 scimitar "Qech" {flame, rElec}
 74014 | Vaults:1 | Entered Level 1 of the Vaults
 74221 | Vaults:1 | Reached skill level 1 in Long Blades
 75052 | Vaults:1 | Corrupted Vaults:1
 76213 | Vaults:1 | Reached skill level 5 in Long Blades
 77109 | Vaults:1 | Found a runed translucent door.
 77109 | Vaults:1 | Noticed Ulub Jau's ghost (adept HOMo)
 77153 | Vaults:1 | Killed Ulub Jau's ghost
 77943 | Vaults:2 | You fall into a shaft and drop 2 floors!
 78646 | Vaults:3 | Reached skill level 10 in Long Blades
 78920 | Vaults:3 | Found a staircase to the Crypt.
 79124 | Vaults:3 | Reached XP level 21. HP: 104/184 MP: 34/34
 79402 | Vaults:3 | Noticed Bai Suzhen
 79666 | Vaults:3 | Killed Bai Suzhen
 80448 | Vaults:3 | Killed from afar by an ironbound thunderhulk

Illustrated notes

Levels and vault maps discovered:
D:1:      dpeg_arrival_ratfight, layout_loops_corners,
          shapermc_ecumenical_altar_petra, minmay_tetromino_l2
D:2:      layout_basic, wander_ebering_terrifying_dragon_lair
D:3:      layout_loops_ring, led_xom_imps, portal_sewer_entry_f, serial_shops,
          nicolae_shop_bloodbath_and_beyond, st_stairs_10
D:4:      layout_basic, cheibrodos_worm_habitat, serial_aquarium,
          aquarium_bridge_island_small [aquarium_subvault_small_open,
          aquarium_subvault_bridge, aquarium_subvault_wall,
          aquarium_subvault_wall, aquarium_subvault_wall],
          aquarium_bridge_square [aquarium_subvault_wall,
          aquarium_subvault_wall, aquarium_subvault_bridge,
          aquarium_subvault_balcony], aquarium_window_1, aquarium_window_corner,
          aquarium_view_2c, aquarium_view_2b, aquarium_balcony_3b,
          aquarium_pool_2, roderic_lattice_a, st_stairs_4, uniq_natasha,
          uniq_duvessa, uniq_menkaure
D:5:      layout_loops_ring, minmay_temple_entry_junction,
          minmay_tree_intersection, uniq_edmund
D:6:      layout_basic, okawaru_trees_1, minmay_pentangle, uniq_grinder
D:7:      layout_basic
D:8:      layout_layer_cave, grunt_temple_overflow_open, chequers_arboretum,
          kennysheep_generic_room_7, uniq_harold
D:9:      nicolae_cairo_tiling_very_big, layout_loops_ring,
          kiku_gazebo_pond_becter, nzn_random_ring, uniq_joseph
D:10:     layout_basic, general_overflow_altar, grunt_lair_entry_orc_guard_hut,
          serial_shops, nicolae_shop_crystal, ebering_ghost_rock_garden
D:11:     layout_gridville, serial_shops, nicolae_shop_trees,
          portal_ice_cave_entry_animals_and_master, minmay_increasing_density
D:12:     layout_roguey
D:13:     minmay_cornered_nines, layout_irregular_city,
          lightli_vaults_fourway_checkpoint, uniq_rupert
D:14:     layout_small_grid, minmay_hedge_maze, serial_bayou_pond_c,
          uniq_frances
D:15:     grunt_enter_depths_snipers, layout_basic, minivault_11
Temple:   dshaligram_water_room_temple
Lair:1:   layout_regular_city
Lair:2:   layout_roguey, swamp_mist_pool, serial_bayou_shore_a, uniq_sonja
Lair:3:   layout_cave_pods, guppyfry_snake_entry_garden,
          gammafunk_ghost_hydra_chop
Lair:4:   layout_regular_city, nzn_ghost_randoct, uniq_snorg, uniq_nessos
Lair:5:   layout_concentric_octagons, st_stairs_3
Lair:6:   hellmonk_lair_end_abyssal_woods, layout_cave_pods,
          nicolae_slime_entry_slimehenge, cheibrodos_lair_lostbears,
          lemuel_fruit_tree
Swamp:1:  layout_basic_swamp, nicolae_swamp_some_circles
Swamp:2:  layout_basic_swamp, nicolae_swamp_round_clearing, uniq_roxanne
Swamp:3:  layout_falls_marsh, evilmike_swamp_ruin_house_5,
          infiniplex_staircase_pool
Swamp:4:  swamp_vile, layout_basic_swamp, gammafunk_ghost_mausoleum
Snake:1:  layout_rooms
Snake:2:  layout_misc_corridors, hangedman_venom_bottle, minmay_shoptagon,
          grunt_megastairs_3
Snake:3:  layout_basic, serial_shops, bzr_entry_safe
Snake:4:  grunt_snake_rune_serpentine_throne, layout_rooms, drop_trap,
          nicolae_shop_clearance
Orc:1:    layout_caves, serial_shops, shop, basic_altar, uniq_erica
Orc:2:    st_orc_pillars, layout_diamond_mine, uniq_saint_roka, uniq_urug,
          uniq_donald, uniq_azrael, uniq_maurice
Vaults:1: ebering_ghost_inner_flame, v_misc_10, v_misc_24, v_pattern_4,
          grunt_vaults_bifocal, v_rooms_1, vaults_standard_mumra_x,
          ontoclasm_vaults_shout, nicolae_vaults_circle_grid_a,
          nicolae_vaults_mini_display_case, v_misc_5,
          nicolae_vaults_little_squares_6, nicolae_vaults_rhombus_5,
          nicolae_vaults_little_squares_1, layout_vaults_omnicross
Vaults:2: gammafunk_ghost_crypt, vaults_room_ringed_pool,
          nicolae_vaults_twisting_passages, v_misc_23,
          hangedman_vaults_capsules, v_rooms_5, v_misc_10, v_misc_15, v_misc_18,
          grunt_vaults_hallway_long, nicolae_vaults_yaktaur_gun_rack,
          nicolae_vaults_gold_heap, vaults_dpeg_encased_lava,
          ontoclasm_vaults_decontamination, nicolae_vaults_little_squares_6,
          layout_vaults_ring
Vaults:3: nicolae_vaults_branching_niches, minmay_crypt_entry_nasty_monster,
          nicolae_vaults_circle_grid_b, nicolae_vaults_asterisk,
          hangedman_vaults_river_flow, nicolae_vaults_alarming,
          vaults_dpeg_diagonal, nicolae_vaults_network_square,
          ontoclasm_vaults_hangar, ontoclasm_vaults_gateway,
          dpeg_vaults_monster_box, vaults_room_door_hall, v_misc_16,
          nicolae_vaults_rhombus_6, vaults_dpeg_hooks, layout_vaults_maze,
          uniq_bai_suzhen
Vaults:4: vaults_mumra_hex, hangedman_vaults_cutoff, hangedman_vaults_stitches,
          v_misc_10, nicolae_vaults_theta, vaults_mumra_chevron,
          vaults_room_corners, layout_vaults_omnigrid, serial_shops, shop

Skill      XL: |  1  2  3  4  5  6  7  8  9 10 11 12 13 14 15 16 17 18 19 20 21 |
---------------+----------------------------------------------------------------+-----
Invocations    | 3 4 5 6 7 9 10 12 13 14 15 16 17 18 | 18.0
Maces & Flails | 3 4 5 6 7 9 10 11 12 13 15 16 | 16.0
Armour         | 3 4 5 6 7 8 11 12 16 17 | 17.2
Throwing       | 1 2 3 4 6 7 8 9 |  9.0
Evocations     | 2 4 6 8 9 10 11 12 | 12.0
Fighting       | 4 6 10 12 15 16 | 16.4
Shields        | 1 5 7 9 11 14 15 | 15.0
Dodging        | 2 4 |  4.0
Crossbows      | 7 10 | 10.0
Long Blades    | 10 13 | 13.8

Action                   |  1- 3 |  4- 6 |  7- 9 | 10-12 | 13-15 | 16-18 | 19-21 || total
-------------------------+-------+-------+-------+-------+-------+-------+-------++-------
Melee: Mace              |    90 |    99 |   171 |       |       |       |       ||   360
       Punch             |     1 |       |       |     1 |       |       |       ||     2
       Dire flail        |       |       |   155 |    56 |       |       |       ||   211
       Morningstar       |       |       |       |   379 |       |       |       ||   379
       Eveningstar       |       |       |       |   270 |  1798 |  1218 |  1360 ||  4646
       Scimitar          |       |       |       |       |       |       |    18 ||    18
       Hand crossbow     |       |       |       |       |       |       |     1 ||     1
 Fire: Hand crossbow     |       |       |       |       |     1 |    70 |    80 ||   151
Throw: Stone             |       |     9 |       |       |    10 |       |       ||    19
       Boomerang         |       |       |     7 |    12 |    23 |     7 |       ||    49
       Dart              |       |       |     1 |    34 |    10 |    13 |       ||    58
Invok: Depart the Abyss  |     1 |       |       |       |       |       |       ||     1
       Banish            |       |       |     1 |     5 |    34 |    13 |    10 ||    63
       Bend Space        |       |       |       |     3 |     2 |       |     2 ||     7
       Corrupt           |       |       |       |       |       |     1 |     1 ||     2
 Abil: Evoke Invisibilit |       |       |       |       |       |       |     1 ||     1
Evoke: Wand              |       |       |       |    10 |    15 |    17 |     5 ||    47
       Tin of tremorston |       |       |       |       |       |       |     1 ||     1
       Phantom mirror    |       |       |       |       |       |       |     1 ||     1
  Use: Scroll            |       |       |       |    18 |    19 |     5 |     4 ||    46
       Potion            |       |       |       |     2 |     4 |     2 |     3 ||    11
 Stab: Invisible         |       |     1 |       |       |       |       |     1 ||     2
       Paralysed         |       |       |       |       |     9 |     4 |     2 ||    15
       Distracted        |       |       |       |       |     2 |       |     4 ||     6
Armor: Ring mail         |    20 |       |       |       |       |       |       ||    20
       Chain mail        |    32 |    49 |   178 |   276 |   788 |       |       ||  1323
       Plate armour      |       |       |       |   181 |       |       |       ||   181
       Crystal plate arm |       |       |       |       |   157 |   761 |   644 ||  1562
Dodge: Dodged            |    48 |    40 |   110 |   248 |   460 |   152 |   143 ||  1201
Block: Kite shield       |       |       |       |    80 |   789 |       |       ||   869
       Tower shield      |       |       |       |       |   222 |  1530 |  1413 ||  3165
       Reflection        |       |       |       |       |     5 |    65 |   136 ||   206
